PL
BUCKHEAD BOWTIES @ CHICAGO GOLD SOX
09/22/2022
 
TOP OF THE 1ST
Buckhead Bowties batting - Pitching for Chicago Gold Sox : RHP Ralph McKinney
Pitching: RHP Ralph McKinney
Batting: RHB Aaron Phillips 0-0: Ball
1-0: Called Strike
1-1: Swinging Strike
1-2: Ball
2-2: Foul Ball, location: 2F
2-2: Strikes out swinging
Batting: LHB Neil Lawson 0-0: Called Strike
0-1: Ball
1-1: Ball
2-1: Foul Ball, location: 2F
2-2: Fly out, F7 (Popup, 56D)
Batting: RHB Pedro Morales 0-0: Called Strike
0-1: Fly out, F7 (Flyball, 7S)
Top of the 1st over - 0 run(s), 0 hit(s), 0 error(s), 0 left on base; Buckhead 0 - Chicago 0
BOTTOM OF THE 1ST
Chicago Gold Sox batting - Pitching for Buckhead Bowties : LHP Ramón Torres
Pitching: LHP Ramón Torres
Batting: RHB David Edwards 0-0: Ball
1-0: SINGLE (Line Drive, 89S)
Batting: RHB Tyrone Scott 0-0: Called Strike
0-1: Fly out, F8 (Flyball, 89D)
Batting: LHB Michael Greene 0-0: Foul Ball, location: 2F
0-1: Foul Ball, location: 2F
0-2: Ball
1-2: Strikes out swinging
Batting: LHB Chris Gregory 0-0: Called Strike
0-1: Ball
1-1: Ball
Wild Pitch!
David Edwards to second
2-1: Fly out, F8 (Flyball, 8LD)
Bottom of the 1st over - 0 run(s), 1 hit(s), 0 error(s), 1 left on base; Buckhead 0 - Chicago 0
TOP OF THE 2ND
Buckhead Bowties batting - Pitching for Chicago Gold Sox : RHP Ralph McKinney
Batting: LHB Tony Martínez 0-0: Ball
1-0: SOLO HOME RUN (Flyball, 89XD), Distance : 416 ft
Batting: RHB Enrique Marroquín 0-0: Ball
1-0: Called Strike
1-1: Ball
2-1: Swinging Strike
2-2: Strikes out swinging
Batting: RHB Gabriel Rodríguez 0-0: Swinging Strike
0-1: Called Strike
0-2: Ball
1-2: Ball
2-2: Strikes out swinging
Batting: RHB Joe Andrews 0-0: Foul Ball, location: 2F
0-1: Called Strike
0-2: Strikes out swinging
Top of the 2nd over - 1 run(s), 1 hit(s), 0 error(s), 0 left on base; Buckhead 1 - Chicago 0
BOTTOM OF THE 2ND
Chicago Gold Sox batting - Pitching for Buckhead Bowties : LHP Ramón Torres
Batting: LHB Melvin Castro 0-0: SOLO HOME RUN (Flyball, 8RXD), Distance : 416 ft
Batting: LHB Chris Hill 0-0: Ball
1-0: Ball
2-0: Ground out U3 (Groundball, 3)
Batting: LHB Michael Neely 0-0: Called Strike
0-1: SINGLE (Line Drive, 3D)
Batting: LHB Eddie Flynn 0-0: Ball
1-0: Ground out 4-3 (Groundball, 4M)
Michael Neely to second
Batting: LHB Noel Ballard 0-0: Called Strike
0-1: Ball
1-1: Ball
2-1: Foul Ball, location: 2F
2-2: Ground out 4-3 (Groundball, 4)
Bottom of the 2nd over - 1 run(s), 2 hit(s), 0 error(s), 1 left on base; Buckhead 1 - Chicago 1
TOP OF THE 3RD
Buckhead Bowties batting - Pitching for Chicago Gold Sox : RHP Ralph McKinney
Batting: RHB Dave King 0-0: Called Strike
0-1: Ball
1-1: Called Strike
1-2: Strikes out swinging
Batting: RHB Greg Robinson 0-0: Called Strike
0-1: Ball
1-1: Ball
2-1: SINGLE (Line Drive, 6MD)
Batting: RHB Aaron Phillips 0-0: Grounds into double play, U6-3 (Groundball, 6M)
Top of the 3rd over - 0 run(s), 1 hit(s), 0 error(s), 0 left on base; Buckhead 1 - Chicago 1
BOTTOM OF THE 3RD
Chicago Gold Sox batting - Pitching for Buckhead Bowties : LHP Ramón Torres
Batting: RHB David Edwards 0-0: Swinging Strike
0-1: Ball
1-1: Ball
2-1: Swinging Strike
2-2: Strikes out swinging
Batting: RHB Tyrone Scott 0-0: Called Strike
0-1: Ball
1-1: Ball
2-1: SINGLE (Line Drive, 89S)
Batting: LHB Michael Greene 0-0: Ball
1-0: Ball
2-0: Foul Ball, location: 2F
2-1: Foul Ball, location: 2F
2-2: Fly out, F8 (Flyball, 89D)
Batting: LHB Chris Gregory 0-0: Ball
1-0: Ball
2-0: Ball
3-0: Called Strike
3-1: Base on Balls
Tyrone Scott to second
Batting: LHB Melvin Castro 0-0: Called Strike
0-1: Fly out, F5 (Popup, 5F)
Bottom of the 3rd over - 0 run(s), 1 hit(s), 0 error(s), 2 left on base; Buckhead 1 - Chicago 1
TOP OF THE 4TH
Buckhead Bowties batting - Pitching for Chicago Gold Sox : RHP Ralph McKinney
Batting: LHB Neil Lawson 0-0: Ball
1-0: Called Strike
1-1: Foul Ball, location: 2F
1-2: Foul Ball, location: 2F
1-2: Strikes out looking
Batting: RHB Pedro Morales 0-0: SOLO HOME RUN (Flyball, 7D), Distance : 409 ft
Batting: LHB Tony Martínez 0-0: Ball
1-0: Ball
2-0: Ground out 4-3 (Groundball, 4)
Batting: RHB Enrique Marroquín 0-0: Ball
1-0: Ball
2-0: Called Strike
2-1: Foul Ball, location: 2F
2-2: Strikes out swinging
Top of the 4th over - 1 run(s), 1 hit(s), 0 error(s), 0 left on base; Buckhead 2 - Chicago 1
BOTTOM OF THE 4TH
Chicago Gold Sox batting - Pitching for Buckhead Bowties : LHP Ramón Torres
Batting: LHB Chris Hill 0-0: Reached on error, E4 (Groundball, 4)
Batting: LHB Michael Neely 0-0: Called Strike
0-1: Ball
1-1: Foul Ball, location: 2F
1-2: Ball
2-2: Ground out 3-1 (Groundball, 34)
Chris Hill to second
Batting: LHB Eddie Flynn 0-0: Called Strike
0-1: Foul Ball, location: 2F
0-2: Foul Ball, location: 2F
0-2: Ball
1-2: Fly out, F8 (Flyball, 8RXD)
Runner from 2nd tags up, SAFE at 3rd, no throw
Batting: LHB Noel Ballard 0-0: Ball
1-0: Called Strike
1-1: Ball
2-1: Foul Ball, location: 2F
2-2: Ball
3-2: Ground out 5-3 (Groundball, 5S)
Bottom of the 4th over - 0 run(s), 0 hit(s), 1 error(s), 1 left on base; Buckhead 2 - Chicago 1
TOP OF THE 5TH
Buckhead Bowties batting - Pitching for Chicago Gold Sox : RHP Ralph McKinney
Batting: RHB Gabriel Rodríguez 0-0: Ball
1-0: Called Strike
1-1: SINGLE (Groundball, 3D)
Batting: RHB Joe Andrews 0-0: Swinging Strike
0-1: Ball
1-1: Foul Ball, location: 2F
1-2: Foul Ball, location: 2F
1-2: Ball
2-2: Strikes out looking
Batting: RHB Dave King 0-0: Ball
1-0: Ground out 2-3 (Groundball, 25)
Gabriel Rodríguez to second
Batting: RHB Greg Robinson 0-0: Called Strike
0-1: Foul Ball, location: 2F
0-2: Ball
1-2: SINGLE (Groundball, 25) (infield hit)
Gabriel Rodríguez to third
Batting: RHB Aaron Phillips 0-0: Called Strike
0-1: Ball
1-1: Ball
2-1: Swinging Strike
2-2: Ball
3-2: Strikes out swinging
Top of the 5th over - 0 run(s), 2 hit(s), 0 error(s), 2 left on base; Buckhead 2 - Chicago 1
BOTTOM OF THE 5TH
Chicago Gold Sox batting - Pitching for Buckhead Bowties : LHP Ramón Torres
Batting: RHB David Edwards 0-0: Called Strike
0-1: Ground out 1-3 (Groundball, 13S)
Batting: RHB Tyrone Scott 0-0: Ball
1-0: Swinging Strike
1-1: Ground out 4-3 (Groundball, 4M)
Batting: LHB Michael Greene 0-0: Foul Ball, location: 2F
0-1: Swinging Strike
0-2: Ground out 6-3 (Groundball, 6)
Bottom of the 5th over - 0 run(s), 0 hit(s), 0 error(s), 0 left on base; Buckhead 2 - Chicago 1
TOP OF THE 6TH
Buckhead Bowties batting - Pitching for Chicago Gold Sox : RHP Ralph McKinney
Batting: LHB Neil Lawson 0-0: Called Strike
0-1: Ball
1-1: Ball
2-1: SINGLE (Groundball, 34D)
Batting: RHB Pedro Morales 0-0: Grounds into double play, 1-6-3 (Groundball, 15)
Batting: LHB Tony Martínez 0-0: Ground out 4-3 (Groundball, 4)
Top of the 6th over - 0 run(s), 1 hit(s), 0 error(s), 0 left on base; Buckhead 2 - Chicago 1
BOTTOM OF THE 6TH
Chicago Gold Sox batting - Pitching for Buckhead Bowties : LHP Ramón Torres
Batting: LHB Chris Gregory 0-0: Foul Ball, location: 2F
0-1: Foul Ball, location: 2F
0-2: Ball
1-2: Foul Ball, location: 2F
1-2: Foul Ball, location: 2F
1-2: Strikes out swinging
Batting: LHB Melvin Castro 0-0: Ball
1-0: Foul Ball, location: 2F
1-1: Fly out, F9 (Line Drive, 9D)
Batting: LHB Chris Hill 0-0: Ball
1-0: Ball
2-0: Ball
3-0: Base on Balls
Batting: LHB Michael Neely 0-0: Foul Ball, location: 2F
0-1: Called Strike
0-2: Ball
1-2: Strikes out looking
Bottom of the 6th over - 0 run(s), 0 hit(s), 0 error(s), 1 left on base; Buckhead 2 - Chicago 1
TOP OF THE 7TH
Buckhead Bowties batting - Pitching for Chicago Gold Sox : RHP Ralph McKinney
Batting: RHB Enrique Marroquín 0-0: Ball
1-0: Called Strike
1-1: Foul Ball, location: 2F
1-2: Ball
2-2: Foul Ball, location: 2F
2-2: Foul Ball, location: 2F
2-2: Fly out, F9 (Flyball, 9D)
Batting: RHB Gabriel Rodríguez 0-0: Called Strike
0-1: Swinging Strike
0-2: Strikes out swinging
Batting: RHB Joe Andrews 0-0: Called Strike
0-1: Swinging Strike
0-2: Strikes out swinging
Top of the 7th over - 0 run(s), 0 hit(s), 0 error(s), 0 left on base; Buckhead 2 - Chicago 1
BOTTOM OF THE 7TH
Chicago Gold Sox batting - Pitching for Buckhead Bowties : LHP Ramón Torres
Batting: LHB Eddie Flynn 0-0: Ground out U3 (Groundball, 3)
Batting: LHB Noel Ballard 0-0: Ball
1-0: Swinging Strike
1-1: Ground out 5-3 (Groundball, 56S)
Batting: RHB David Edwards 0-0: Ball
1-0: Ball
2-0: Foul Ball, location: 2F
2-1: Called Strike
2-2: Ball
3-2: SINGLE (Line Drive, 5D)
Pitching: RHP Ken Frost
Batting: RHB Tyrone Scott 0-0: Swinging Strike
0-1: Ball
1-1: Swinging Strike
1-2: Ball
2-2: Strikes out swinging
Bottom of the 7th over - 0 run(s), 1 hit(s), 0 error(s), 1 left on base; Buckhead 2 - Chicago 1
TOP OF THE 8TH
Buckhead Bowties batting - Pitching for Chicago Gold Sox : RHP Ralph McKinney
Pitching: RHP Augusto Dávila
Batting: RHB Dave King 0-0: Ball
1-0: TRIPLE (Line Drive, 5L)
Batting: RHB Greg Robinson 0-0: Called Strike
0-1: Called Strike
0-2: Ball
1-2: Ground out 5-3 (Groundball, 5)
Batting: RHB Aaron Phillips 0-0: SINGLE (Groundball, 6MD)
Dave King scores
Batting: LHB Neil Lawson Pickoff Throw to First - Out!
0-0: DOUBLE (Groundball, 3L)
Batting: RHB Pedro Morales 0-0: Ground out 6-3 (Groundball, 6)
Top of the 8th over - 1 run(s), 3 hit(s), 0 error(s), 1 left on base; Buckhead 3 - Chicago 1
BOTTOM OF THE 8TH
Chicago Gold Sox batting - Pitching for Buckhead Bowties : RHP Ken Frost
Batting: LHB Michael Greene 0-0: Ground out 4-3 (Groundball, 4M)
Batting: LHB Chris Gregory 0-0: Called Strike
0-1: Foul Ball, location: 2F
0-2: Ball
1-2: Ball
2-2: Ball
3-2: Fly out, F6 (Popup, 6D)
Batting: LHB Melvin Castro 0-0: Foul Ball, location: 2F
0-1: Ball
1-1: Foul Ball, location: 2F
1-2: Fly out, F6 (Popup, 6M)
Bottom of the 8th over - 0 run(s), 0 hit(s), 0 error(s), 0 left on base; Buckhead 3 - Chicago 1
TOP OF THE 9TH
Buckhead Bowties batting - Pitching for Chicago Gold Sox : RHP Augusto Dávila
Batting: LHB Tony Martínez 0-0: Foul Ball, location: 2F
0-1: Foul Ball, location: 2F
0-2: Ball
1-2: Ball
2-2: Ground out U3 (Groundball, 3)
Batting: RHB Enrique Marroquín 0-0: Ball
1-0: Called Strike
1-1: SINGLE (Line Drive, 8LS)
Batting: RHB Gabriel Rodríguez 0-0: Called Strike
0-1: Ball
1-1: Ground out U3 (Groundball, 3S)
Enrique Marroquín to second
Batting: RHB Joe Andrews 0-0: Ground out 5-3 (Groundball, 56S)
Top of the 9th over - 0 run(s), 1 hit(s), 0 error(s), 1 left on base; Buckhead 3 - Chicago 1
BOTTOM OF THE 9TH
Chicago Gold Sox batting - Pitching for Buckhead Bowties : RHP Ken Frost
Pitching: RHP Mario Peña
Batting: LHB Chris Hill 0-0: Ball
1-0: Ball
2-0: Ball
3-0: Base on Balls
Batting: LHB Michael Neely 0-0: Foul Ball, location: 2F
0-1: Ball
1-1: Foul Ball, location: 2F
1-2: Fielders Choice at 2nd, 4-6 (Groundball, 4M)
Batting: LHB Eddie Flynn 0-0: Ball
1-0: Called Strike
1-1: Ball
2-1: Foul Ball, location: 2F
2-2: Grounds into double play, U4-3 (Groundball, 4)
Bottom of the 9th over - 0 run(s), 0 hit(s), 0 error(s), 0 left on base; Buckhead 3 - Chicago 1
This league is powered by Out of the Park Baseball, the baseball management simulation game for PC, Mac and Linux
Friday, April 15th, 2016 - OOTP Baseball 16.9 Build 39